 Dungeon Crawl Stone Soup version 0.30-a0-1114-gd936c97349 (console) character file.

Game seed: 7189012651407602213

1162 petzl the Thaumaturge (level 8, -1/58 HPs)
             Began as a Formicid Delver on Apr 20, 2023.
             Was an Initiate of Vehumet.
             Slain by an acid dragon (7 damage)
             ... on level 10 of the Dungeon.
             The game lasted 00:36:51 (7028 turns).

petzl the Thaumaturge (Formicid Delver)             Turns: 7028, Time: 00:36:52

Health: -1/58      AC: -3    Str: 21    XL:     8   Next: 67%
Magic:  0/20       EV: 11    Int: 12    God:    Vehumet [......]
Gold:   471        SH:  0    Dex: 11    Spells: 23/23 levels left

rFire   . . .      SeeInvis +    c - +6 war axe {heavy, rElec rPois Str+4 Dex-4, !f =f}
rCold   . . .      Faith    .    (no shield)
rNeg    . . .      Spirit   +    y - +0 ring mail
rPois   +          Reflect  .    (helmet unavailable)
rElec   +          Rampage  .    (no cloak)
rCorr   .                        (no gloves)
Will    .....                    (no boots)
Stlth   ++                       s - amulet of guardian spirit
HPRegen 0.29/turn                (no ring)
MPRegen 0.17/turn                (no ring)

@: corroded
A: permanent stasis, dig shafts and tunnels, antennae 3, four strong arms
a: Dig, Shaft Self, Renounce Religion


You were on level 10 of the Dungeon.
You worshipped Vehumet.
Vehumet was noncommittal.
You visited 2 branches of the dungeon, and saw 11 of its levels.

You collected 549 gold pieces.
You spent 78 gold pieces at shops.

Inventory:

Hand Weapons
 a - a +0 shortbow
 b - a +2 dagger of venom {!f =f}
 c - the +6 war axe of Ruatumej (weapon) {heavy, rElec rPois Str+4 Dex-4, !f =f}
   (You found it on level 4 of the Dungeon)

   Str:       It affects your strength (+4).
   Dex:       It affects your dexterity (-4).
   rElec:     It insulates you from electricity.
   rPois:     It protects you from poison.
 x - a +5 dagger {!f =f}
 F - a +0 sling
Missiles
 e - 8 poisoned darts
 k - 48 stones
 r - 4 datura-tipped darts
Armour
 t - a +0 leather armour
 y - a +0 ring mail (worn)
Jewellery
 s - an amulet of guardian spirit (around neck)
 G - the ring "Liham" {rElec Int+6}
   (You found it on level 10 of the Dungeon)

   [ring of intelligence]

   Int:       It affects your intelligence (+6).
   rElec:     It insulates you from electricity.
Wands
 f - a wand of digging (3)
 g - a wand of flame (13)
 A - a wand of iceblast (6)
Scrolls
 i - a scroll of fear
 l - 2 scrolls of amnesia {unknown}
 n - 2 scrolls of vulnerability
 q - a scroll of teleportation {unknown}
 v - 2 scrolls of enchant armour
 w - a scroll of enchant weapon
 z - a scroll of fog
 E - a scroll of poison {unknown}
Potions
 d - a potion of haste {unknown}
 h - 2 potions of ambrosia {unknown}
 j - 5 potions of heal wounds
 m - a potion of curing {unknown}
 o - 5 potions of mutation {unknown}
 p - 2 potions of lignification {unknown}
 u - 2 potions of resistance
 B - a potion of berserk rage {unknown}
 C - a potion of degeneration {unknown}
 D - a potion of invisibility {unknown}


   Skills:
 - Level 3.2 Fighting
 + Level 0.0(1.1) Axes
 - Level 2.0 Maces & Flails
 + Level 4.9 Ranged Weapons
 - Level 1.7 Dodging
 - Level 6.0 Stealth
 * Level 8.2 Spellcasting
 + Level 0.0 Evocations


You had 23 spell levels left.
You didn't know any spells.
Your spell library contained the following spells:

 Spells                   Type           Power      Damage    Failure   Level
 Summon Guardian Golem    Hex/Summ       4%         N/A       58%         3
 Orb of Destruction       Conj           2%         9d5       100%        7
 Spellforged Servitor     Conj/Summ      2%         N/A       100%        7


Dungeon Overview and Level Annotations

Branches:
Dungeon (10/15)            Temple (1/1) D:6             Orc (0/2) D:9
   Lair: D:8-11

Altars:
Ashenzari
Sif Muna
Vehumet

Shops:
D:1 (   D:3 :

Annotations:
D:4 Edmund, Eustachio
D:5 exclusion: downstairs
D:6 exclusion: water moccasin
D:8 1 transporter
D:9 exclusion: sensed monster (detected)
D:10 exclusions: centaur warrior and ugly thing


Innate Abilities, Weirdness & Mutations

You cannot be hasted, slowed, berserked, paralysed or teleported.
You can dig through walls and to a lower floor.
You have a pair of large antennae on your head. (SInv)
Your four strong arms can wield two-handed weapons with a shield.


Message History

You are no longer corroded.
You start resting.
Magic restored.
You start resting.
HP restored.
There is an open door here.
You open the door.
There is an open door here.
There is an open door here.
There is an open door here.
You open the door.
There is an open door here.
Found quicksilver dragon scales.
The acid dragon roars!
You see here the ring "Liham" {rElec Int+6}.
G - the ring "Liham" {rElec Int+6}
Aiming: Iceblast
Press: ? - help, Shift-Dir - straight line, f/p - acid dragon
Aim: an acid dragon The mass of ice explodes!
The iceblast engulfs the acid dragon!
The acid dragon is heavily wounded.
The acid dragon spits acid at you. The splash of acid hits you!!
The acid corrodes you!
Unknown command.
Unknown command.
You feel stronger.
You feel clumsy.
c - the +6 war axe of Ruatumej (weapon)
{heavy, rElec rPois Str+4 Dex-4, !f =f} The acid dragon bites you!
The acid dragon claws you.
You hit the acid dragon.
The acid dragon is heavily wounded.
The acid dragon bites you! The acid dragon closely misses you.
The acid dragon misses you. The acid dragon claws you.
You slash the acid dragon!
The acid dragon is almost dead.
The acid dragon spits acid at you. The splash of acid hits you!!
* * * LOW HITPOINT WARNING * * *
The acid corrodes you! The acid dragon bites you!
You die...

########+##
#.........#
#.........#
#.........+
#.........#
#......[..#
#.........#
#####'##### #.#
####.# ##....#
########+##
#..####
######...?......
####'#######
#....'..........
#..........#
#.####..........
#..........###.#
#.......[..
#..........##..#
#$.@.......
#..........'..##
#...D......
#..........####
#....>.....
#..........#
#..........
#..........#
#..........
'..........#
#..........
#..........#
###########
############


You could see an acid dragon (catching breath).

Vanquished Creatures
  A wraith (D:10)
  A black bear (D:6)
  A centaur (D:10)
  A phantom (D:6)
  A kobold brigand (D:10)
  A bullfrog (D:3)
  A scorpion (D:3)
  3 killer bees (D:9)
  3 hounds (D:6)
  2 orc priests
  An iguana (D:6)
  A sleepcap (D:3)
  An orc wizard (D:9)
  4 gnolls
  6 adders
  A shadow imp (D:5)
  A white imp (D:6)
  2 ufetubi (D:6)
  2 worms
  3 dart slugs
  19 orcs
  7 endoplasms
  2 giant cockroaches
  8 goblins
  2 hobgoblins (D:1)
  3 quokkas
  8 ball pythons
  5 bats
  3 frilled lizards
  10 kobolds
  3 rats
107 creatures vanquished.

Vanquished Creatures (others)
  3 fungi (D:3)
  16 plants (D:9)
  4 toadstools (D:3)
23 creatures vanquished.

Grand Total: 130 creatures vanquished

Notes
Turn   | Place    | Note
-------+----------+-------------------------------------------
     0 | D:5      | petzl the Formicid Delver began the quest for the Orb.
     0 | D:5      | Reached XP level 1. HP: 18/18 MP: 1/1
    11 | D:6      | Noticed a hound
   109 | D:3      | Found Lerutof's Book Shoppe.
   145 | D:2      | Reached skill level 1 in Spellcasting
   274 | D:1      | Reached XP level 2. HP: 24/24 MP: 4/4
   513 | D:1      | Reached skill level 2 in Spellcasting
   666 | D:1      | Reached XP level 3. HP: 10/29 MP: 6/6
   782 | D:1      | Found Uneeluw's Weapon Shoppe.
   791 | D:1      | Bought a +0 dagger for 26 gold pieces
   802 | D:1      | Bought a +0 rapier for 52 gold pieces
  1251 | D:2      | Reached skill level 3 in Spellcasting
  1378 | D:2      | Reached XP level 4. HP: 27/35 MP: 8/8
  2339 | D:3      | Found a faded altar of an unknown god.
  2613 | D:3      | Noticed a bullfrog
  2725 | D:3      | Found a shimmering blue altar of Sif Muna.
  2879 | D:3      | Reached skill level 1 in Ranged Weapons
  2879 | D:3      | Reached skill level 4 in Spellcasting
  2879 | D:3      | Reached XP level 5. HP: 29/41 MP: 7/11
  3108 | D:3      | Reached XP level 6. HP: 13/47 MP: 3/13
  3180 | D:3      | Reached skill level 5 in Spellcasting
  3410 | D:4      | Noticed Eustachio
  3649 | D:4      | Noticed Edmund
  3675 | D:4      | Identified the +6 war axe of Ruatumej {heavy, rElec rPois
                  | Str+4 Dex-4}
  4011 | D:4      | Reached XP level 7. HP: 42/52 MP: 11/15
  4587 | D:6      | Reached skill level 6 in Spellcasting
  5286 | D:6      | Noticed a steam dragon
  5364 | D:6      | Noticed a water moccasin
  5387 | D:6      | Found a staircase to the Ecumenical Temple.
  5398 | Temple   | Entered the Ecumenical Temple
  5421 | Temple   | Became a worshipper of Vehumet
  5496 | D:6      | You fall into a shaft and drop 3 floors!
  5717 | D:8      | Found a transporter.
  5717 | D:8      | Noticed a hornet
  5722 | D:8      | You fall into a shaft and drop 2 floors!
  5722 | D:10     | Entered Level 10 of the Dungeon
  5899 | D:10     | Noticed a cyan ugly thing
  5952 | D:10     | Reached XP level 8. HP: 58/58 MP: 18/18
  5978 | D:10     | Reached skill level 7 in Spellcasting
  6642 | D:10     | Noticed a centaur warrior
  6666 | D:8      | You fall into a shaft and drop 2 floors!
  6712 | D:10     | Noticed a wraith
  6730 | D:10     | Killed a wraith
  6731 | D:10     | Reached skill level 8 in Spellcasting
  7022 | D:10     | Identified the ring "Liham" {rElec Int+6}
  7028 | D:10     | Slain by an acid dragon

Illustrated notes

Levels and vault maps discovered:
D:1:      lightli_arrival_maybe_door_vault, layout_basic, serial_shops,
          nicolae_lakefront_shop, wad_floor_pattern_untrapped
D:2:      layout_basic, minmay_randomly_rotated_circles
D:3:      layout_loops_ring, lemuel_blue_sif_altar, serial_shops,
          nicolae_book_shop_shelving, ebering_ecumenical_altar_hall,
          minmay_gold_behind_fungi
D:4:      layout_cave_pools, uniq_edmund, uniq_eustachio
D:5:      layout_cave_pools, nicolae_elevator_lobby_asterisk,
          uniq_crazy_yiuf_cottage, uniq_pikel
D:6:      layout_cave_pods, minmay_temple_entry_purple_smoke
D:7:      layout_cave_pools, serial_column_ruins, column_ruins_columns_corner,
          column_ruins_corridor_straight, column_ruins_open_medium,
          column_ruins_grid_2, minivault_11, minmay_crossroads
D:8:      layout_layer_cave, nzn_ghost_randoct, serial_shops,
          nicolae_shop_tiny_real_fake_doors, uniq_joseph
D:9:      minmay_the_grid_triangle_9x9_rhombus_thin
          [minmay_the_grid_triangle_9x9_checkered,
          minmay_the_grid_triangle_9x9_prize_schism,
          minmay_the_grid_triangle_9x9_intruding_spiral,
          minmay_the_grid_triangle_9x9_warning], layout_loops_ring,
          hiddenorc2_lemuel, serial_bayou, serial_bayou_pond_b,
          serial_bayou_ford_a, serial_bayou_shore_b, serial_bayou_pond_a,
          nicolae_titane
D:10:     layout_roguey, minivault_19, hangedman_tell_no_tales
Temple:   roderic_octagonal_lattice_temple

Skill      XL: |  1  2  3  4  5  6  7  8 |
---------------+-------------------------+-----
Spellcasting   | 1 2 3 4 5 6 8 |  8.2
Ranged Weapons | 1 2 3 4 |  4.9
Fighting       | |  3.2
Maces & Flails | |  2.0
Dodging        | |  1.7
Stealth        | |  6.0

Action                     |  1- 3 |  4- 6 |  7- 9 || total
---------------------------+-------+-------+-------++-------
  Melee: Mace              |    71 |       |       ||    71
         Dagger            |    18 |   122 |    75 ||   215
         Rapier            |    13 |       |       ||    13
         Punch             |       |     2 |     2 ||     4
         War axe           |       |       |    19 ||    19
   Fire: Sling             |       |    55 |    52 ||   107
         Shortbow          |       |       |    20 ||    20
Ability: Dig               |       |     1 |     1 ||     2
         Shaft Self        |       |       |     3 ||     3
  Evoke: Wand              |       |     1 |     1 ||     2
    Use: Scroll            |     1 |     1 |     7 ||     9
         Potion            |       |     1 |     1 ||     2
   Stab: Sleeping          |    11 |     4 |       ||    15
 Armour: Leather armour    |    32 |    12 |       ||    44
         Ring mail         |       |    10 |    52 ||    62
  Dodge: Dodged            |    77 |   101 |    97 ||   275

Table legend: (Time is in decaauts)
 A = Elapsed time spent in this place.
 B = Non-inter-level travel time spent in this place.
 C = Inter-level travel time spent in this place.
 D = Time resting spent in this place.
 E = Time spent auto-exploring this place.
 F = Levels seen in this place.
 G = Mean time per level.
                   A        B        C        D        E       F      G
               +--------+--------+--------+--------+--------+-----+--------+
         Total |   7086 |   6504 |    582 |   1521 |   2253 |  11 |  644.2 |
       Dungeon |   7048 |   6480 |    568 |   1521 |   2238 |  10 |  704.8 |
        Temple |     37 |     23 |     14 |      0 |     15 |   1 |   37.0 |
               +--------+--------+--------+--------+--------+-----+--------+

Top non-repeatable levels by time:
     D:3: 1762 daAuts
     D:1: 1099 daAuts
     D:2: 964 daAuts
    D:10: 938 daAuts
     D:6: 926 daAuts
     D:4: 627 daAuts
     D:9: 595 daAuts
     D:5: 117 daAuts
  Temple: 37 daAuts
     D:8: 16 daAuts
     D:7: 1 daAuts
